 Dungeon Crawl Stone Soup version 0.22.0-16-gc6d26f69f9 (webtiles) character file.

105 Peloso the Shield-Bearer (level 4, -4/40 HPs)
             Began as a Minotaur Fighter on Aug 18, 2018.
             Killed from afar by Terence (12 damage)
             ... with a wand of flame (28)
             ... on level 3 of the Dungeon.
             The game lasted 00:02:49 (1714 turns).

Peloso the Shield-Bearer (Minotaur Fighter)         Turns: 1714, Time: 00:02:49

Health: -4/40      AC:  8    Str: 21    XL:     4   Next: 54%
Magic:  3/3        EV:  7    Int:  5    God:
Gold:   89         SH:  9    Dex: 10    Spells: 3/3 levels left

rFire    . . .     SeeInvis .   a - +0 long sword
rCold    . . .     Gourm    .   c - +0 shield
rNeg     . . .     Faith    .   b - +0 scale mail
rPois    .         Spirit   .   (helmet restricted)
rElec    .         Reflect  .   (no cloak)
rCorr    .         Harm     .   (no gloves)
MR       .....                  n - +0 pair of boots
Stlth    ..........             (no amulet)
HPRegen  0.13/turn              i - ring of attention (curse)
MPRegen  0.08/turn              (no ring)

@: no status effects
A: retaliatory headbutt, horns 2
a: no special abilities


You were on level 3 of the Dungeon.
You were hungry.

You visited 1 branch of the dungeon, and saw 3 of its levels.

You collected 89 gold pieces.

Inventory:

Hand Weapons
 a - a +0 long sword (weapon)
Armour
 b - a +0 scale mail (worn)
 c - a +0 shield (worn)
 n - a +0 pair of boots (worn)
Jewellery
 i - a cursed ring of attention (left hand)
Scrolls
 e - a scroll of identify {unknown}
 g - 2 scrolls of fear {unknown}
 h - a scroll of amnesia {unknown}
 j - a scroll of blinking {unknown}
 k - 2 scrolls of teleportation {unknown}
 m - a scroll of enchant armour {unknown}
 o - 2 scrolls of remove curse {unknown}
Potions
 d - a potion of might
 l - a potion of lignification {unknown}
Comestibles
 f - 7 rations


   Skills:
 + Level 4.2 Fighting
 + Level 4.2 Long Blades
 + Level 4.1 Armour
 + Level 0.3 Dodging
 + Level 4.3 Shields


You had 3 spell levels left.
You didn't know any spells.
Your spell library was empty.

Dungeon Overview and Level Annotations

Branches:
Dungeon (3/15)

Altars:

Annotations:
D:3 Terence


Innate Abilities, Weirdness & Mutations

You reflexively headbutt those who attack you in melee.
You have a pair of horns on your head.


Message History

Terence is heavily wounded.
Terence zaps a wand.
You block the puff of flame.
It is a wand of flame (30).
You closely miss Terence.
Terence is heavily wounded.
Terence hits you with a flail.
You closely miss Terence.
Terence is heavily wounded.
Terence zaps a wand.
The puff of flame hits you! You block Terence's attack.
You hit Terence. You headbutt Terence, but do no damage.
Terence is heavily wounded.
Terence hits you with a flail!
Your shield prevents you from hitting Terence.
Terence is heavily wounded.
Terence zaps a wand.
The puff of flame hits you!
* * * LOW HITPOINT WARNING * * *
You slash Terence!
Terence is almost dead.
Terence bares his teeth.
Terence zaps a wand.
The puff of flame hits you!
You die...

#.......#...######.#
#####.####.........#
#.####..########
#.....).# ######.##
##.###### #.......#
#..####.# #..# #@#
#..# #@#
.......r....#
##....##.####.# ....
#.# ... #.# #. ..# #
###


You could see Terence and a rat.

Vanquished Creatures
  Natasha (D:3)
  2 adders (D:2)
  2 oozes (D:1)
  A worm (D:2)
  A dart slug (D:1)
  3 leopard geckos
  2 ball pythons
  3 giant cockroaches (D:1)
  6 goblins
  7 hobgoblins
  A quokka (D:2)
  4 bats
  3 frilled lizards
  4 kobolds (D:2)
  6 rats (D:2)
46 creatures vanquished.

Notes
Turn   | Place    | Note
-------+----------+-------------------------------------------
     0 | D:1      | Peloso the Minotaur Fighter began the quest for the Orb.
     0 | D:1      | Reached XP level 1. HP: 19/19 MP: 0/0
   158 | D:1      | Reached XP level 2. HP: 25/27 MP: 1/1
   550 | D:1      | Reached XP level 3. HP: 32/33 MP: 2/2
   887 | D:2      | Found a faded altar of an unknown god.
  1254 | D:2      | Reached XP level 4. HP: 35/40 MP: 3/3
  1661 | D:3      | Noticed Natasha
  1664 | D:3      | Killed Natasha
  1703 | D:3      | Noticed Terence
  1714 | D:3      | Killed from afar by Terence

Skill      XL: |  1  2  3  4 |
---------------+-------------+-----
Fighting       | 4 |  4.2
Armour         | 4 |  4.1
Shields        | 4 |  4.3
Long Blades    | 3 4 |  4.2
Dodging        | |  0.3

Action                   |  1- 3 |  4- 6 || total
-------------------------+-------+-------++-------
Melee: Long sword        |   114 |    22 ||   136
       Headbutt          |    14 |     4 ||    18
  Eat: Chunk             |     1 |     1 ||     2
Armor: Scale mail        |    42 |     5 ||    47
Dodge: Dodged            |    35 |     2 ||    37
Block: Shield            |    63 |    11 ||    74
       Rpst.: Long sword |     7 |       ||     7
